General information
- name: grudge
- type: Custom game
- host: Clan_Towa_Host
- saver: Gobiner
map: EchoIsles
- players: 5
- length: 28:33
- speed: Fast
- version: 1.24 W3XP
- replay type: Public
» download(192 KB)
Players
team 1 (loser)
ACaringGirl (
red | 143 APM | 4070 actions | 28:32)
6 Paladin
3 Holy Light
3 Divine Shield
5 Mountain King
3 Storm Bolt
2 Bash
» actions
| Assign group hotkey | 37 | |
| Basic commands | 22 | |
| Build / train | 148 | |
| ESC pressed | 7 | |
| Enter build submenu | 55 | |
| Enter hero's abilities submenu | 11 | |
| Give item / drop item | 6 | |
| Remove unit from queue | 1 | |
| Right click | 1883 | |
| Select / deselect | 672 | |
| Select group hotkey | 1056 | |
| Use ability | 172 | |
4070 total
» units
| Peasant | 48 | |
| Footman | 8 | |
| Dragonhawk Rider | 17 | |
| Flying Machine | 14 | |
87 total
» upgrades
| Masonry | 2 | |
| Lumber Harvesting | 1 | |
| Animal War Training | 1 | |
| Flak Cannons | 1 | |
| Cloud | 1 | |
| Flying Machine Bombs | 1 | |
7 total
» buildings
| Altar of Kings | 1 | |
| Farm | 17 | |
| Barracks | 1 | |
| Scout Tower | 23 | |
| Lumber Mill | 1 | |
| Arcane Tower | 2 | |
| Town Hall | 2 | |
| Guard Tower | 14 | |
| Arcane Vault | 1 | |
| Keep | 1 | |
| Gryphon Aviary | 2 | |
| Castle | 1 | |
| Blacksmith | 1 | |
| Workshop | 2 | |
69 total
» build order
00:05 Altar of Kings
00:09 Farm
00:16 Barracks
00:57 Farm
01:52 Farm
02:31 Farm
03:42 Scout Tower
03:46 Scout Tower
03:55 Scout Tower
03:59 Lumber Mill
04:17 Arcane Tower
04:32 Town Hall
04:40 Arcane Tower
04:53 Farm
05:37 Scout Tower
05:57 Guard Tower
06:10 Scout Tower
06:23 Arcane Vault
06:35 Farm
06:43 Guard Tower
06:54 Scout Tower
07:09 Scout Tower
07:26 Scout Tower
07:31 Scout Tower
07:37 Guard Tower
07:39 Scout Tower
07:41 Scout Tower
07:47 Guard Tower
07:52 Scout Tower
07:58 Guard Tower
08:01 Scout Tower
08:05 Scout Tower
08:22 Scout Tower
08:27 Guard Tower
08:35 Keep
08:41 Scout Tower
08:45 Guard Tower
08:53 Guard Tower
08:54 Guard Tower
08:55 Scout Tower
09:18 Scout Tower
09:22 Guard Tower
09:24 Scout Tower
09:48 Guard Tower
10:16 Guard Tower
10:41 Scout Tower
10:59 Farm
11:01 Farm
11:07 Scout Tower
11:10 Guard Tower
11:27 Gryphon Aviary
11:29 Gryphon Aviary
11:34 Farm
13:38 Farm
13:39 Farm
13:39 Farm
13:40 Farm
14:10 Farm
14:32 Scout Tower
14:33 Scout Tower
15:28 Town Hall
15:40 Farm
16:57 Farm
17:37 Castle
18:29 Blacksmith
18:31 Guard Tower
20:26 Workshop
20:29 Workshop
24:26 Farm
» items
| Boots of Speed | 1 | |
| Scroll of Regeneration | 5 | |
| Lesser Clarity Potion | 8 | |
| Staff of Teleportation | 1 | |
| Potion of Mana | 2 | |
| Potion of Healing | 2 | |
| Scroll of Town Portal | 1 | |
| Staff of Sanctuary | 1 | |
| Orb of Fire | 1 | |
22 total
team 2 (winner)
mr_huGGles (
gray | 130 APM | 3709 actions | 28:33)
5 Death Knight
3 Death Coil
2 Unholy Aura
4 Lich
2 Frost Nova
2 Dark Ritual
» actions
| Assign group hotkey | 49 | |
| Basic commands | 5 | |
| Build / train | 73 | |
| ESC pressed | 2 | |
| Enter build submenu | 18 | |
| Enter hero's abilities submenu | 9 | |
| Give item / drop item | 2 | |
| Right click | 1829 | |
| Select / deselect | 501 | |
| Select group hotkey | 1017 | |
| Use ability | 204 | |
3709 total
» units
| Acolyte | 9 | |
| Ghoul | 18 | |
| Obsidian Statue | 11 | |
| Meatwagon | 1 | |
| Gargoyle | 8 | |
47 total
» upgrades
| Destroyer Form | 1 | |
| Ghoul Frenzy | 1 | |
2 total
» buildings
| Crypt | 1 | |
| Altar of Darkness | 2 | |
| Ziggurat | 6 | |
| Tomb of Relics | 1 | |
| Halls of the Dead | 2 | |
| Graveyard | 1 | |
| Black Citadel | 1 | |
| Slaughterhouse | 2 | |
| Nerubian Tower | 1 | |
| Spirit Tower | 2 | |
19 total
» build order
00:08 Crypt
00:12 Altar of Darkness
00:13 Altar of Darkness
00:24 Ziggurat
00:51 Tomb of Relics
01:29 Ziggurat
02:40 Halls of the Dead
02:41 Halls of the Dead
04:10 Ziggurat
04:16 Graveyard
05:20 Black Citadel
05:41 Slaughterhouse
05:42 Slaughterhouse
06:17 Ziggurat
12:54 Ziggurat
13:39 Nerubian Tower
13:40 Spirit Tower
13:42 Spirit Tower
17:23 Ziggurat
» items
| Rod of Necromancy | 2 | |
| Orb of Corruption | 1 | |
| Potion of Healing | 1 | |
4 total
observersGobiner,
TheRaven1161,
orc145626 Chat log
(00:00 / All) Gobiner: This game is hosted by GHost++ (forum.codelain.com).
(00:09 / Observers) Gobiner: !dr 100
(00:12 / Observers) Gobiner: !latency 100
(00:12 / All) Gobiner: Setting game latency to 100 ms.
(00:54 / All) mr_huGGles: GG LG
(02:07 / Observers) Gobiner: so are you guys new or what
(02:11 / Observers) Gobiner: there's no shame in that you know
(02:19 / Observers) TheRaven1161: nah i dont play much
(02:26 / Observers) orc145626: samew
(02:31 / Observers) TheRaven1161: i play drums and im in 2 bands,so not much wc3 practice time
(02:47 / Observers) TheRaven1161: but orc is my bro so its coo
(02:58 / Observers) orc145626: ya i masterbate frequently so not much time here either
(03:03 / Observers) TheRaven1161: lol
(03:10 / Observers) Gobiner: have you tried touching girls instead
(03:24 / Observers) TheRaven1161: what is this 'girl'
(04:22 / Observers) Gobiner: nice of him to feed skeletons to level 2
(04:55 / Observers) TheRaven1161: fros gone
(04:58 / Observers) TheRaven1161: for the night i think
(05:34 / Observers) Gobiner: did you see that manny mining to save the peasant?
(05:36 / Observers) Gobiner: insane micro
(05:52 / Observers) TheRaven1161: not really paying attention lol
(06:01 / Observers) TheRaven1161: waiting for laundry
(09:09 / All) mr_huGGles: Gg
(09:20 / Observers) Gobiner: what happened to the staff and laugh??????
(09:25 / Observers) Gobiner: nice staff and laugh hacks
(09:31 / Observers) TheRaven1161: hm? what happened
(10:36 / Observers) orc145626: LOL
(10:38 / Observers) orc145626: RED SUCKS
(10:47 / Observers) orc145626: i jsut got back to watch this rape
(10:58 / Observers) Gobiner: if only your shitnoob friend cookie cut more he'd be an ok player
(11:32 / Observers) TheRaven1161: thought ghoul dest was cookie cut for ud vs human?
(11:32 / Observers) orc145626: LOL
(11:33 / All) mr_huGGles: gg
(11:34 / All) mr_huGGles: :)
(11:36 / Observers) TheRaven1161: or was that fiend banshee
(11:59 / Observers) TheRaven1161: fiend banshee vs orcs tho right?
(12:24 / Observers) Gobiner: visit http://highper.ch for more replays of noobs losing to towers!!
(12:40 / Observers) TheRaven1161: eh no thx
(12:43 / All) mr_huGGles: sigh
(12:46 / All) mr_huGGles: mass towers wont save u this time
(12:47 / Observers) TheRaven1161: doubt im gonna stay for next game
(12:58 / All) mr_huGGles: sorry
(14:02 / All) mr_huGGles: last resort tanks
(15:36 / All) mr_huGGles: WOS A BITCHÉ
(15:48 / All) mr_huGGles: UR THE BITCH
(15:49 / All) mr_huGGles: towers
(15:50 / All) mr_huGGles: lol
(16:23 / Observers) Gobiner: sounds like your friend is mad and scared he might lose
(16:40 / All) mr_huGGles: ur no skill bro
(16:44 / All) mr_huGGles: Even if u win
(16:47 / All) mr_huGGles: from this bitch strat
(16:48 / All) ACaringGirl: oh.
(16:48 / All) mr_huGGles: u lose
(18:34 / All) mr_huGGles: sigh
(18:35 / All) mr_huGGles: i cant win
(18:38 / All) ACaringGirl: :)
(18:39 / All) mr_huGGles: mass towers
(18:41 / All) mr_huGGles: pally mk
(18:43 / All) mr_huGGles: then dragon hawks
(18:44 / All) mr_huGGles: wow
(18:45 / All) mr_huGGles: skil
(18:46 / All) mr_huGGles: lol
(18:50 / All) ACaringGirl: destro push.
(18:57 / All) mr_huGGles: cant work with 100 towers
(18:58 / All) mr_huGGles: sorry
(20:35 / Observers) Gobiner: are you guys watching your friend lose
(20:38 / Observers) Gobiner: just wonderin'
(21:38 / Observers) Gobiner: dk down
(21:50 / Observers) Gobiner: are you catching this
(21:53 / All) mr_huGGles: ur no skill bro
(21:56 / Observers) Gobiner: talk about reversal of fortune
(22:04 / All) mr_huGGles: i could do pally mk
(22:06 / All) mr_huGGles: that aint hard
(22:51 / All) mr_huGGles: eh i dont wanna fuck around i lost
(22:54 / All) mr_huGGles: but
(22:55 / All) ACaringGirl: yeah you did
(22:59 / All) mr_huGGles: i bet u cant with out tower
(23:00 / All) mr_huGGles: kkk
(23:03 / All) mr_huGGles: i make it fair
(23:03 / All) ACaringGirl: oh.
(23:06 / All) mr_huGGles: less then 5 towers
(23:07 / All) ACaringGirl: hahaha
(23:10 / All) mr_huGGles: could u do thatÉ
(23:17 / All) mr_huGGles: play me standing up
(23:20 / All) ACaringGirl: im not wasting time on you again
(23:25 / All) mr_huGGles: sure
(23:27 / All) mr_huGGles: dodgeer
(23:34 / Observers) Gobiner: 2-0 dodger
(23:40 / All) ACaringGirl: 2-0 already noobie.
(23:46 / Observers) Gobiner: fuck I just can't wait to lose to this guy again!!!!!!!!!!!!!!!!!! -your shitnoob ally
(23:46 / All) ACaringGirl: oh those ghouls where did they go
(24:05 / All) ACaringGirl: im sad ur bad
(24:10 / All) mr_huGGles: sure
(24:12 / All) mr_huGGles: towers makes u goodÉ
(24:17 / All) mr_huGGles: shit what makes u pro
(24:18 / All) ACaringGirl: no, winning does
(24:23 / All) mr_huGGles: winning does mean shit
(24:26 / All) mr_huGGles: tanks
(24:27 / All) mr_huGGles: towers
(24:28 / All) mr_huGGles: no repsec
(24:28 / All) ACaringGirl: oh.
(24:30 / All) ACaringGirl: no tanks
(24:32 / All) ACaringGirl: sorry
(24:33 / All) mr_huGGles: no one cares if u won liek that
(24:36 / All) mr_huGGles: no one thinks its hard
(24:41 / All) mr_huGGles: no micro
(24:42 / All) mr_huGGles: kept
(24:42 / All) ACaringGirl: you seem awfully mad about it.
(24:43 / All) mr_huGGles: for right click
(24:47 / All) mr_huGGles: then storm bolt
(24:49 / All) mr_huGGles: then holy light
(24:50 / All) mr_huGGles: shit
(24:53 / All) mr_huGGles: how do u do that
(24:57 / All) ACaringGirl: no need for anything else against a noob like you
(24:59 / All) mr_huGGles: B T
(25:01 / All) mr_huGGles: build tower
(25:02 / All) mr_huGGles: easy
(25:03 / All) mr_huGGles: to easy
(26:11 / All) ACaringGirl: ps. 3.2k gold
(26:14 / All) ACaringGirl: nice expo denying
(26:36 / All) mr_huGGles: lol destro counters towers eh
(26:37 / All) mr_huGGles: sigh
(26:39 / All) mr_huGGles: 20 towers
(26:40 / All) mr_huGGles: yup
(26:43 / All) ACaringGirl: when you're not terrible
(26:50 / All) mr_huGGles: Sigh
(26:57 / All) mr_huGGles: ur human
(26:59 / All) mr_huGGles: ur race makes u shit
(27:00 / All) ACaringGirl: sigh,
(27:01 / All) mr_huGGles: pally
(27:03 / All) mr_huGGles: mk
(27:09 / All) mr_huGGles: do i see anything else
(27:11 / All) ACaringGirl: keep up the noobscuses, im reloading
(27:12 / All) mr_huGGles: no cause its to easy
(27:12 / Observers) Gobiner: !say gray: biggest noob every
(27:19 / All) mr_huGGles: ur reloading?
(27:20 / All) mr_huGGles: fuck
(27:22 / All) mr_huGGles: id brake u
(27:25 / All) ACaringGirl: o.
(27:29 / All) mr_huGGles: dude
(27:29 / All) mr_huGGles: just
(27:33 / All) mr_huGGles: under 5 towers
(27:34 / All) mr_huGGles: at ur expo
(27:36 / All) mr_huGGles: ill rape u
(27:38 / All) mr_huGGles: no chance
(27:39 / All) mr_huGGles: but u can
(27:40 / All) mr_huGGles: t
(27:41 / All) ACaringGirl: are you a native english speaker?
(27:48 / All) mr_huGGles: dude
(28:00 / All) mr_huGGles: i give u this account if u beat me with under 5 towers
(28:01 / All) ACaringGirl: dude
(28:07 / All) ACaringGirl: sweet.
(28:11 / All) ACaringGirl: i really want your shitty account
(28:17 / All) mr_huGGles: lmao
(28:18 / All) ACaringGirl: gg nooblord
(28:18 / All) ACaringGirl: 2ez
(28:21 / All) mr_huGGles: sigh
(28:24 / All) mr_huGGles: noob has to tower
(28:26 / All) ACaringGirl: s i g h.
(28:28 / All) mr_huGGles: thats a noob
(28:30 / All) mr_huGGles: word
(28:31 / All) mr_huGGles: peace
(28:32 / All) Gobiner: ACaringGirl has left the game voluntarily.
(28:33 / All) Gobiner: mr_huGGles has left the game voluntarily.